 Dungeon Crawl Stone Soup version 0.27-a0-148-g9515ab555c (webtiles) character file.

Game seed: 866766426202005210

11 knot the Chopper (level 2, 30/36 HPs)
             Began as a Demonspawn Berserker on Jan 27, 2021.
             Was a Follower of Trog.
             Quit the game on level 1 of the Dungeon.
             The game lasted 00:00:12 (198 turns).

knot the Chopper (Demonspawn Berserker)              Turns: 198, Time: 00:00:13

Health: 30/36      AC:  2    Str: 17    XL:     2   Next: 13%
Magic:  2/2        EV: 12    Int:  8    God:    Trog [*.....]
Gold:   0          SH:  0    Dex: 12    Spells: 1/1 levels left

rFire    . . .     SeeInvis .   a - +0 hand axe
rCold    . . .     Faith    .   (no shield)
rNeg     . . .     Spirit   .   b - +0 animal skin
rPois    .         Reflect  .   (helmet restricted)
rElec    .         Harm     .   (no cloak)
rCorr    .         Rampage  .   (no gloves)
Will     .....                  (no boots)
Stlth    ..........             (no amulet)
HPRegen  0.12/turn              (no ring)
MPRegen  0.08/turn              (no ring)

@: berserking, very quick
A: horns 1
a: Renounce Religion, Berserk


You were on level 1 of the Dungeon.
You worshipped Trog.
Trog was aware of your devotion.
You visited 1 branch of the dungeon, and saw 1 of its levels.

Inventory:

Hand Weapons
 a - a +0 hand axe (weapon)
Armour
 b - a +0 animal skin (worn)
Scrolls
 c - a scroll of teleportation {unknown}


   Skills:
 - Level 3.0 Fighting
 + Level 3.3 Axes
 - Level 1.7 Armour
 - Level 1.7 Dodging


You had one spell level left.
You didn't know any spells.
Your spell library was empty.

Dungeon Overview and Level Annotations

Branches:
Dungeon (1/15)

Altars:


Innate Abilities, Weirdness & Mutations

You have a pair of small horns on your head.


Message History

The jackal is lightly wounded.
You barely miss the jackal. The jackal misses you.
The jackal closely misses you.
You slash the jackal!
You kill the jackal!
Trog accepts your kill.
You completely miss the jackal.
The jackal bites you but does no damage.
You have reached level 2!
Your demonic ancestry asserts itself...
A pair of horns grows on your head!
You slash the kobold!
You kill the kobold!
Trog accepts your kill.
You hit the jackal. The jackal bites you.
You slash the jackal!
You kill the jackal!
Trog accepts your kill.
No target in view!
Are you sure you want to abandon this character and quit the game? (Confirm with "yes".)

#.PP≈≈≈.##...##.#.##
#≈≈P≈≈≈≈.#...##.#.#
#P≈≈≈≈≈.##...##.#.####
#≈≈≈≈≈.###.............
#≈≈≈≈≈.###.#.##.#.#####
#≈≈≈≈≈≈.##........#
#≈PP≈≈≈≈.#.####.######
#P≈≈≈≈≈.≈#.....†#.....
#≈P≈≈≈≈≈.#....@†......
#PP≈≈≈≈.##....††......
#P≈≈≈≈.###............
#≈≈≈≈≈.≈##............
#P≈≈≈≈≈.##............
#≈≈≈≈≈.P##............
#≈≈≈≈..###..#####.....
#P≈≈≈≈≈.<#.. .....
##########


There were no monsters in sight!

Vanquished Creatures
  A leopard gecko (D:1)
  4 jackals (D:1)
  A kobold (D:1)
  A ball python (D:1)
  A bat (D:1)
  A frilled lizard (D:1)
9 creatures vanquished.

Notes
Turn   | Place    | Note
-------+----------+-------------------------------------------
     0 | D:1      | knot the Demonspawn Berserker began the quest for the Orb.
     0 | D:1      | Reached XP level 1. HP: 18/18 MP: 1/1
   196 | D:1      | Gained mutation: You have a pair of small horns on your
                  | head. [demonic ancestry]
   196 | D:1      | Reached XP level 2. HP: 24/24 MP: 2/2
   198 | D:1      | Quit the game

Illustrated notes

Levels and vault maps discovered:
D:1:      lightli_arrival_windingriver, layout_basic

Skill      XL: |  1 |
---------------+----+-----
Axes           | 3 |  3.3
Fighting       | |  3.0
Armour         | |  1.7
Dodging        | |  1.7

Action                   || total
-------------------------++-------
Melee: Hand axe          ||    15
Invok: Berserk           ||     1
Armor: Animal skin       ||     5
Dodge: Dodged            ||    15

Table legend: (Time is in decaauts)
 A = Elapsed time spent in this place.
 B = Non-inter-level travel time spent in this place.
 C = Inter-level travel time spent in this place.
 D = Time resting spent in this place.
 E = Time spent auto-exploring this place.
 F = Levels seen in this place.
 G = Mean time per level.
                   A        B        C        D        E       F      G
               +--------+--------+--------+--------+--------+-----+--------+
         Total |    198 |    198 |      0 |      0 |    167 |   1 |  198.0 |
       Dungeon |    198 |    198 |      0 |      0 |    167 |   1 |  198.0 |
               +--------+--------+--------+--------+--------+-----+--------+

Top non-repeatable levels by time:
     D:1: 198 daAuts
